 Dungeon Crawl Stone Soup version 0.29-a0-322-g68df515428 (webtiles) character file.

Game seed: 13636179700185181460

854 kae the Firebug (level 8, -1/45 HPs)
             Began as a Tengu Fire Elementalist on Apr 7, 2022.
             Killed from afar by Sigmund (8 damage)
             ... with a magic dart
             ... on level 5 of the Dungeon.
             The game lasted 00:03:00 (6815 turns).

kae the Firebug (Tengu Fire Elementalist)           Turns: 6815, Time: 00:03:00

Health: -1/45      AC:  3    Str:  9    XL:     8   Next: 1%
Magic:  9/13       EV: 15    Int: 18    God:
Gold:   274        SH:  0    Dex: 14    Spells: 4/13 levels left

rFire   . . .      SeeInvis +   d - staff of earth
rCold   . . .      Faith    .   (no shield)
rNeg    . . .      Spirit   .   a - +0 robe
rPois   .          Reflect  .   (helmet restricted)
rElec   .          Harm     .   c - +0 cloak
rCorr   .          Rampage  .   (no gloves)
Will    .....                   (boots unavailable)
Stlth   ++........              (no amulet)
HPRegen 0.15/turn               n - ring of see invisible
MPRegen 0.13/turn               (no ring)

@: flying quickly and evasively, quick
A: beak, talons 3, nimble flight
a: no special abilities


You were on level 5 of the Dungeon.
You visited 1 branch of the dungeon, and saw 5 of its levels.

You collected 274 gold pieces.

Inventory:

Armour
 a - a +0 robe (worn)
 c - a +0 cloak (worn)
Magical Staves
 d - a staff of earth (weapon)
Jewellery
 n - a ring of see invisible (left hand)
 t - a +4 ring of evasion
Wands
 u - a wand of paralysis (8)
Scrolls
 l - 4 scrolls of brand weapon
 o - 3 scrolls of enchant weapon
 p - a scroll of identify
Potions
 b - a potion of magic
 e - a potion of mutation
 f - 3 potions of curing
 g - a potion of lignification
 h - 3 potions of ambrosia {unknown}
 i - 3 potions of degeneration {unknown}
 j - 2 potions of brilliance {unknown}
 k - a potion of attraction {unknown}
 q - a potion of experience {unknown}
 s - 2 potions of flight {unknown}


   Skills:
 + Level 2.4 Fighting
 + Level 2.9 Staves
 + Level 2.8 Armour
 + Level 3.7 Dodging
 - Level 2.0 Stealth
 + Level 3.2 Spellcasting
 + Level 3.8 Conjurations
 * Level 5.8 Fire Magic
 + Level 2.4 Evocations


You had 4 spell levels left.
You knew the following spells:

 Your Spells              Type           Power      Damage    Failure   Level
a - Foxfire               Conj/Fire      80%        2x1d8     2%          1
b - Scorch                Fire           48%        2d7       2%          2
c - Conjure Flame         Conj/Fire      20%        6-21      6%          3
d - Inner Flame           Hex/Fire       13%        N/A       14%         3

Your spell library contained the following spells:

 Spells                   Type           Power      Damage    Failure   Level
 Magic Dart               Conj           64%        1d6       3%          1
 Summon Small Mammal      Summ           8%         N/A       16%         1
 Flame Wave               Conj/Fire      20%        2d7       22%         4
 Call Imp                 Summ           2%         N/A       24%         2
 Corpse Rot               Necr/Air       4%         N/A       24%         2
 Poisonous Vapours        Pois/Air       4%         N/A       24%         2
 Mephitic Cloud           Conj/Pois/Air  7%         N/A       28%         3
 Call Canine Familiar     Summ           2%         N/A       43%         3
 Summon Guardian Golem    Hex/Summ       2%         N/A       43%         3
 Tukima's Dance           Hex            2%         N/A       43%         3
 Passage of Golubria      Tloc           2%         N/A       85%         4
 Yara's Violent Unravell  Hex/Tmut       1%         3d3       99%         5


Dungeon Overview and Level Annotations

Branches:
Dungeon (5/15)
 Temple: D:4-7

Altars:
Kikubaaqudgha
Qazlal
Trog
Vehumet
Yredelemnul
The Shining One

Shops:
D:2 (   D:3 :

Annotations:
D:5 Sigmund


Innate Abilities, Weirdness & Mutations

You have a beak for a mouth.
You have claws for feet.
Your magical nature lets you fly swiftly and evasively.


Message History

An orc is nearby!
The helpless orc fails to defend itself.
You hit the orc but do no damage. You claw the orc, but do no damage.
You peck the orc, but do no damage.
The orc hits you with a +3 short sword of electrocution.
You are electrocuted!!
You are too injured to fight recklessly!
You are too injured to fight recklessly!
You are too injured to fight recklessly!
You are too injured to fight recklessly!
You are too injured to fight recklessly!
Casting: Scorch (safe; 2% risk of failure)
Confirm with . or Enter, or press ? or * to list all spells.
Flames lash the orc.
The orc is heavily wounded.
The orc's fire resistance burns away.
The orc hits you with a +3 short sword of electrocution.
You are electrocuted!
* * * LOW HITPOINT WARNING * * *
The orc hits you with a +3 short sword of electrocution.
* * * LOW HITPOINT WARNING * * *
Casting: Scorch (safe; 2% risk of failure)
Confirm with . or Enter, or press ? or * to list all spells.
Flames lash the orc.
The orc is burned terribly!
You kill the orc!
Casting: Scorch (safe; 2% risk of failure)
Confirm with . or Enter, or press ? or * to list all spells.
Flames lash Sigmund.
Sigmund resists.
Sigmund is moderately wounded.
Sigmund's fire resistance burns away.
Sigmund mumbles some strange words.
Sigmund flickers and vanishes for a moment.
As you read the scroll of fear, it crumbles to dust.
You assume a fearsome visage.
Sigmund looks frightened!
There is a stormy altar of Qazlal here.
Sigmund casts a spell at you. You resist with some effort.
Sigmund gestures at you while chanting. The magic dart hits you!
You die...

###.#.#####.#
#########.
#.._.@......#
#.........
#.#.######@.#
#.######.. #)#$# #..#
#.# #.. #.@.######..#
#.# #..
###.##......###### #.#
#.. #.##.###.......#
#.# #..
#.##.#......##.# #.#
#..
#.##.#.#.##@##.####.##
#..
#@##..^..##..........#
##..
###.#.#####.#####.#
#.(. #.#.# #.# #.#
#.## #.####.#.# #.#
#.# #.## #........#
#.#####.####.##
######.###
#.##....>....## #.#
#.##.##.###..##
######.# ##.##.##.#
#....


You could see Sigmund (invisible).

Vanquished Creatures
  A black bear (D:3)
  An ogre (D:5)
  A centaur (D:4)
  2 phantoms (D:4)
  A necrophage (D:5)
  2 scorpions
  A water moccasin zombie (D:4)
  A hound (D:5)
  2 scorpion zombies (D:4)
  A hound zombie (D:4)
  A gnoll (D:2)
  An adder (D:2)
  A shadow imp (D:5)
  2 ufetubi (D:5)
  A worm (D:2)
  2 dart slugs
  9 orcs
  4 ball pythons
  4 bats
  6 endoplasms
  2 giant cockroaches
  8 goblins
  13 hobgoblins
  9 jackals
  4 quokkas
  7 kobolds
  6 rats
93 creatures vanquished.

Vanquished Creatures (collateral kills)
  2 foxfires (D:1)
2 creatures vanquished.

Vanquished Creatures (others)
  227 foxfires
227 creatures vanquished.

Grand Total: 322 creatures vanquished

Notes
Turn   | Place    | Note
-------+----------+-------------------------------------------
     0 | D:1      | kae the Tengu Fire Elementalist began the quest for the
                  | Orb.
     0 | D:1      | Reached XP level 1. HP: 10/10 MP: 4/4
   111 | D:1      | Reached XP level 2. HP: 13/15 MP: 1/6
   296 | D:1      | Found a faded altar of an unknown god.
   812 | D:1      | Reached XP level 3. HP: 20/20 MP: 5/7
  1252 | D:2      | Found Qeanaer's Weapon Emporium.
  1427 | D:2      | HP: 1/20 [frozen (3)]
  1750 | D:2      | Learned a level 2 spell: Scorch
  1754 | D:2      | Learned a level 3 spell: Conjure Flame
  1960 | D:2      | Reached skill level 4 in Fire Magic
  2176 | D:2      | Reached skill level 1 in Armour
  2474 | D:2      | Reached XP level 4. HP: 24/24 MP: 5/8
  3062 | D:2      | Reached skill level 1 in Staves
  3274 | D:3      | Noticed a black bear
  3803 | D:3      | Found Nuzxobox's Book Shop.
  3843 | D:3      | Killed a black bear
  3844 | D:3      | Reached skill level 1 in Fighting
  3844 | D:3      | Reached skill level 1 in Evocations
  3844 | D:3      | Gained mutation: Your magical nature lets you fly swiftly
                  | and evasively. [Tengu growth]
  3844 | D:3      | Reached XP level 5. HP: 29/29 MP: 3/9
  4187 | D:3      | Found a glowing golden altar of the Shining One.
  4241 | D:3      | Learned a level 3 spell: Inner Flame
  4386 | D:4      | Found a radiant altar of Vehumet.
  4391 | D:4      | Noticed a phantom
  4396 | D:4      | Noticed a phantom
  4398 | D:4      | Killed a phantom
  4399 | D:4      | Reached XP level 6. HP: 34/34 MP: 2/10
  4433 | D:4      | Reached skill level 5 in Fire Magic
  4909 | D:4      | Reached XP level 7. HP: 13/39 MP: 1/12
  5213 | D:4      | Found a basalt altar of Yredelemnul.
  5772 | D:5      | Entered Level 5 of the Dungeon
  6400 | D:5      | Found a bloodstained altar of Trog.
  6519 | D:5      | Found an ancient bone altar of Kikubaaqudgha.
  6687 | D:5      | Reached XP level 8. HP: 37/45 MP: 6/13
  6770 | D:5      | Found a stormy altar of Qazlal.
  6788 | D:5      | Noticed Sigmund
  6815 | D:5      | Killed from afar by Sigmund

Illustrated notes

Levels and vault maps discovered:
D:1:      minmay_arrival_hallway, layout_loops_ring,
          dreamdust_ecumenical_altar_grove, minmay_indecisive_spiral
D:2:      minmay_inner_zag, layout_basic, serial_shops,
          nicolae_shop_statue_plus, minmay_pentomino_r4
D:3:      layout_rooms, tso_oasis_becter, serial_shops, shop
D:4:      layout_loops_ring, nicolae_yredelemnul_corpse_copse,
          fiery_altar_vehumet, kennysheep_cross_room
D:5:      layout_loops_ring, lemuel_crystal_altar,
          nicolae_overflow_crystal_walls, old_standard_altar,
          nicolae_figureground_pulse, uniq_sigmund

Skill      XL: |  1  2  3  4  5  6  7 |
---------------+----------------------+-----
Fire Magic     | 4 5 |  5.8
Armour         | 1 2 |  2.8
Conjurations   | 2 3 |  3.8
Staves         | 1 2 |  2.9
Fighting       | 1 2 |  2.4
Evocations     | 1 2 |  2.4
Dodging        | 3 |  3.7
Spellcasting   | 3 |  3.2
Stealth        | |  2.0

Action                   |  1- 3 |  4- 6 |  7- 9 || total
-------------------------+-------+-------+-------++-------
Melee: Unarmed           |    13 |       |       ||    13
       Kick              |     7 |    13 |     5 ||    25
       Peck              |     2 |    11 |     1 ||    14
       Staff             |    19 |    58 |     7 ||    84
       Punch             |       |     4 |       ||     4
 Cast: Foxfire           |    91 |    32 |    26 ||   149
       Scorch            |     4 |    32 |    21 ||    57
       Conjure Flame     |       |       |     1 ||     1
  Use: Scroll            |     3 |     3 |     6 ||    12
 Stab: Sleeping          |     1 |       |     1 ||     2
Armor: Robe              |    16 |    17 |     7 ||    40
Dodge: Dodged            |    47 |    67 |    24 ||   138

Table legend: (Time is in decaauts)
 A = Elapsed time spent in this place.
 B = Non-inter-level travel time spent in this place.
 C = Inter-level travel time spent in this place.
 D = Time resting spent in this place.
 E = Time spent auto-exploring this place.
 F = Levels seen in this place.
 G = Mean time per level.
                   A        B        C        D        E       F      G
               +--------+--------+--------+--------+--------+-----+--------+
         Total |   6688 |   6560 |    128 |    286 |   5416 |   5 | 1337.6 |
       Dungeon |   6688 |   6560 |    128 |    286 |   5416 |   5 | 1337.6 |
               +--------+--------+--------+--------+--------+-----+--------+

Top non-repeatable levels by time:
     D:2: 2265 daAuts
     D:4: 1468 daAuts
     D:1: 1245 daAuts
     D:5: 992 daAuts
     D:3: 717 daAuts
